 Dungeon Crawl Stone Soup version 0.20-a0-201-g851c6fa (webtiles) character file.

1315 Jarno the Chopper (level 8, -2/72 HPs)
             Began as a Deep Dwarf Fighter on Nov 24, 2016.
             Was an Initiate of Makhleb.
             Slain by an ogre
             ... wielding a +0 giant club
              (22 damage)
             ... on level 4 of the Dungeon.
             The game lasted 00:14:29 (5409 turns).

Jarno the Chopper (Deep Dwarf Fighter)              Turns: 5409, Time: 00:14:30

Health: -2/72      AC:  7    Str: 19    XL:     8   Next: 33%
Magic:  8/8        EV:  8    Int: 10    God:    Makhleb [......]
Gold:   223        SH: 11    Dex: 14    Spells: 3/7 levels left

rFire  . . .     SeeInvis .     a - +1 war axe
rCold  . . .     Gourm    .     x - +0 scale mail
rNeg   . . .     Faith    .     c - +1 shield
rPois  .         Spirit   .     (no helmet)
rElec  .         Reflect  .     (no cloak)
rCorr  .         Harm     .     (no gloves)
MR     ++...                    (no boots)
Stlth  ..........               (no amulet)
                                v - ring of protection from magic
                                o - +4 ring of slaying

@: non-regenerating, drained
A: damage resistance, recharge devices, sense surroundings 1, slow regeneration
3
a: Device Recharging, Renounce Religion


You were on level 4 of the Dungeon.
You worshipped Makhleb.
Makhleb was noncommittal.
You were hungry.

You visited 2 branches of the dungeon, and saw 6 of its levels.
You also visited: Sewer.

You collected 223 gold pieces.

Inventory:

Hand Weapons
 a - a +1 war axe (weapon)
 b - a +0 blowgun
Missiles
 q - 120 stones (quivered)
 t - 3 javelins
 y - 11 poisoned needles
Armour
 c - a +1 shield (worn)
 x - a +0 scale mail (worn)
Jewellery
 o - a +4 ring of slaying (left hand)
 r - an uncursed ring of protection from cold
 v - a ring of protection from magic (right hand)
 C - a cursed ring of loudness {unknown}
Wands
 e - a wand of heal wounds (0/9)
Scrolls
 j - 3 scrolls of teleportation
 n - a scroll of identify
Potions
 d - 3 potions of might
 g - 2 potions of heal wounds
 i - 4 potions of flight
 k - 7 potions of curing
 l - a potion of degeneration {unknown}
 m - a potion of brilliance {unknown}
 s - a potion of lignification {unknown}
 u - 4 potions of magic {unknown}
 z - a potion of cancellation {unknown}
 A - 2 potions of haste {unknown}
 E - a potion of berserk rage {unknown}
 H - a potion of resistance {unknown}
Books
 F - a book of Battle

   Spells                             Type                      Level
   a - Infusion                       Charms                       1
   b - Shroud of Golubria             Charms/Translocation         2
   c - Song of Slaying                Charms                       2
   d - Spectral Weapon                Hexes/Charms                 3
   e - Regeneration                   Charms/Necromancy            3
Comestibles
 f - 3 bread rations
 p - 3 meat rations
 B - a beef jerky
 D - a royal jelly


   Skills:
 + Level 4.2(3.2) Fighting
 + Level 7.1(6.0) Axes
 - Level 0.3(0.0) Throwing
 + Level 6.2(5.2) Armour
 + Level 2.1(1.2) Dodging
 + Level 6.0(5.0) Shields
 + Level 1.1(0.3) Evocations


You had 3 spell levels left.
You knew the following spells:

 Your Spells              Type           Power        Failure   Level  Hunger
a - Repel Missiles        Chrm/Air       #.....       100%        2    ###....
b - Blink                 Tloc           N/A          100%        2    ###....


Dungeon Overview and Level Annotations

Branches:
Dungeon (5/15)             Temple (1/1) D:5

Altars:
Ashenzari
Cheibriados
Dithmenos
Elyvilon
Fedhas
Gozag
Hepliaklqana
Kikubaaqudgha
Makhleb
Nemelex Xobeh
Okawaru
Qazlal
Ru
Sif Muna
Trog
Uskayaw
Vehumet
Yredelemnul
Zin
The Shining One


Innate Abilities, Weirdness & Mutations

You are resistant to damage.
You can recharge devices by infusing magical energy.
You passively map a small area around you.
You do not regenerate.


Message History

The big kobold is almost dead.
You block the big kobold's attack.
You slash the big kobold!
You kill the big kobold!
Makhleb accepts your kill.
Your base Axes skill increases to level 7!
Quiver which item? (- for none, * to show all) (? for menu, Esc to quit)
Quivering
w - a poisoned tomahawk for throwing.
Throwing (i - inventory. (,) - cycle):
w - a poisoned tomahawk (quivered)
Press: ? - help, Shift-Dir - straight line, f - ogre
Aim: an ogre, wielding a giant club You throw a poisoned tomahawk.
The poisoned tomahawk hits the ogre.
The ogre is poisoned.
The ogre is lightly wounded.
The ogre hits you with a giant club!
* * * LOW HITPOINT WARNING * * *
You slash the ogre!
The ogre is severely wounded.
The ogre hits you with a giant club!!
You die...

#.#...# #≈#..##########.####
#.###.# #..#≈............. #o#
#.# #..#≈.##.###..#.## #(# #.#
#..#≈≈##.# #.##.# #.# #.#
##..#≈≈≈#.# #.##.# #.# #.#
#..##≈≈≈#.# #.##.## #.###.##
#.(#≈≈≈≈#.###.#...# #......#
#.O##≈≈≈#.......... #####..#
##@.#≈≈≈#.#.#.#.... ##.###..#
#).##≈#..#.#......
##.#.##..######..#≈##.#.####.#.
##.###)#...>...#..#####...<.....
#.##.....†.....#.(# ##.######.##
##.#.#.#########..###........<#
##.).## ######.########## ##.##
#...#.## #.# #......#


You could see an ogre.

Vanquished Creatures
  Eustachio (D:3)
  A sky beast (D:5)
  An ogre (D:5)
  3 big kobolds
  Blork the orc (D:4)
  A jelly (D:5)
  3 hounds
  A centaur skeleton (D:5)
  Terence (D:2)
  Natasha (twice) (D:2)
  3 worker ants (D:5)
  2 orc wizards
  7 gnolls
  14 adders
  2 oozes
  6 worms
  5 dart slugs
  4 leopard geckos
  14 orcs
  9 ball pythons
  4 giant cockroaches
  8 goblins
  17 hobgoblins
  2 quokkas
  2 bats
  2 frilled lizards
  A giant cockroach zombie (D:5)
  27 kobolds
  4 rats
148 creatures vanquished.

Notes
Turn   | Place    | Note
-------+----------+-------------------------------------------
     0 | D:1      | Jarno the Deep Dwarf Fighter began the quest for the Orb.
     0 | D:1      | Reached XP level 1. HP: 20/20 MP: 1/1
     3 | D:1      | Noticed an electric eel
     3 | D:1      | Noticed an electric eel
   109 | D:1      | Reached XP level 2. HP: 24/27 MP: 2/2
   543 | D:2      | Reached XP level 3. HP: 16/33 MP: 3/3
   736 | D:2      | Noticed Terence
   746 | D:2      | Killed Terence
   746 | D:2      | Reached skill level 3 in Axes
   859 | D:2      | Reached XP level 4. HP: 29/40 MP: 4/4
  1385 | D:2      | Noticed Natasha
  1394 | D:2      | Killed Natasha
  1525 | D:2      | Noticed Natasha
  1538 | D:2      | Killed Natasha
  1538 | D:2      | Reached skill level 4 in Axes
  1538 | D:2      | Reached XP level 5. HP: 17/49 MP: 5/5
  1790 | D:3      | HP: 2/49 [gnoll/halberd (4)]
  1907 | D:3      | Found a glowing drain.
  1930 | Sewer    | Entered a sewer
  1963 | Sewer    | Reached skill level 1 in Evocations
  2114 | Sewer    | Reached skill level 1 in Dodging
  2143 | Sewer    | Reached XP level 6. HP: 50/56 MP: 6/6
  2332 | Sewer    | Reached skill level 5 in Axes
  2459 | Sewer    | Reached skill level 5 in Armour
  2789 | D:3      | Reached skill level 5 in Shields
  3084 | D:4      | Reached XP level 7. HP: 46/62 MP: 7/7
  3226 | D:4      | Noticed Blork the orc
  3232 | D:4      | Killed Blork the orc
  3562 | D:4      | Noticed Eustachio
  3607 | D:3      | Killed Eustachio
  3882 | D:4      | Found a basalt altar of Yredelemnul.
  3888 | D:4      | Found an opulent altar of Gozag.
  4022 | D:4      | Learned a level 2 spell: Repel Missiles
  4025 | D:4      | Learned a level 2 spell: Blink
  4079 | D:5      | Entered Level 5 of the Dungeon
  4185 | D:5      | Reached skill level 6 in Axes
  4373 | D:5      | Reached XP level 8. HP: 47/72 MP: 8/8
  4639 | D:5      | Found a staircase to the Ecumenical Temple.
  4667 | Temple   | Entered the Ecumenical Temple
  4729 | Temple   | Became a worshipper of Makhleb the Destroyer
  5266 | D:4      | Got a pitted spear {freeze}
  5267 | D:4      | Identified the cursed +1 spear of Umaakh {freeze, Str+2 Int+5} (You took it off a gnoll on level 4 of the Dungeon)
  5407 | D:4      | Reached skill level 7 in Axes
  5409 | D:4      | Slain by an ogre

Vault maps used:
D:1:      arrival_aquarium_b, serial_glass, glass_columns_a, glass_columns_a
D:2:      kennysheep_big_flooded_room, uniq_natasha, uniq_terence
D:3:      first_bread, serial_glass, glass_columns_a, glass_columns_a,
          portal_sewer_entry_d
D:4:      cheibrodos_thug_alley, grunt_temple_overflow_open, uniq_edmund,
          uniq_eustachio, uniq_blork_the_orc
Temple:   hc_temple_tempest_star
Sewer:    sewer_co_15_rooms

Skill      XL: |  1  2  3  4  5  6  7  8 |
---------------+-------------------------+-----
Shields        | 4 5 6 |  6.0
Axes           | 3 4 5 6 7 |  7.1
Fighting       | 3 4 |  4.2
Armour         | 4 5 6 |  6.2
Evocations     | 1 |  1.1
Dodging        | 1 2 |  2.1
Throwing       | |  0.3

Action                   |  1- 3 |  4- 6 |  7- 9 || total
-------------------------+-------+-------+-------++-------
Melee: War axe           |    98 |   244 |   122 ||   464
 Fire: Blowgun           |       |       |    26 ||    26
Throw: Stone             |     7 |     3 |     3 ||    13
       Javelin           |       |    35 |    15 ||    50
       Tomahawk          |       |     5 |     3 ||     8
Evoke: Wand              |     1 |     4 |       ||     5
  Use: Scroll            |       |    11 |     3 ||    14
       Potion            |       |     2 |     1 ||     3
  Eat: Chunk             |       |     8 |     7 ||    15
Armor: Scale mail        |    30 |   101 |    37 ||   168
Dodge: Dodged            |    16 |    74 |    31 ||   121
Block: Shield            |    46 |   157 |    82 ||   285
